 Dungeon Crawl Stone Soup version 0.24.0-123-gd5b16e6ec5 (webtiles) character file.

Game seed: 7654394315320918476, levelgen mode: deterministic

6873 ReteAZ the Cleaver (level 11, -7/106 HPs)
             Began as a Gargoyle Gladiator on Dec 29, 2019.
             Was a Believer of the Shining One.
             Mangled by a phantasmal warrior (14 damage)
             ... led by a death knight
             ... on level 8 of the Dungeon.
             The game lasted 00:16:01 (8621 turns).

ReteAZ the Cleaver (Gargoyle Gladiator)             Turns: 8621, Time: 00:16:01

Health: -7/106     AC: 25    Str: 22    XL:     11   Next: 6%
Magic:  11/11      EV:  2    Int:  8    God:    the Shining One [**....]
Gold:   418        SH:  9    Dex: 11    Spells: 10/10 levels left

rFire    + . .     SeeInvis .   w - +1 hand axe (freeze)
rCold    x . .     Gourm    .   A - +0 shield of the Princess {rElec rPois rF+ rC-}
rNeg     + + +     Faith    .   (armour currently unavailable)
rPois    ∞         Spirit   .   (helmet currently unavailable)
rElec    +         Reflect  .   (cloak currently unavailable)
rCorr    .         Harm     .   (gloves currently unavailable)
MR       .....     NoTele   +   (boots currently unavailable)
Stlth    ++........             (no amulet)
HPRegen  0.27/turn              p - ring of stealth
MPRegen  0.12/turn              I - ring of stealth

@: tree-form, vulnerable, glowing
A: negative energy resistance 1, petrification resistance, rot immunity, AC +8
a: Divine Shield, Renounce Religion


You were on level 8 of the Dungeon.
You worshipped the Shining One.
The Shining One was pleased with you.
You were hungry.
You were a tree.
You visited 2 branches of the dungeon, and saw 10 of its levels.

You collected 418 gold pieces.

Inventory:

Hand Weapons
 a - a +0 war axe
 w - a +1 hand axe of freezing (weapon)
Missiles
 x - 6 boomerangs (quivered)
 E - 26 poisoned darts
Armour
 b - a +0 leather armour
 c - a +0 helmet
 d - a +0 plate armour (melded)
 l - a +0 helmet (melded)
 m - a +0 chain mail
 u - a +0 cloak (melded)
 A - the +0 shield of the Princess (worn) {rElec rPois rF+ rC-}
   (You found it on level 9 of the Dungeon)

   It protects you from fire.
   It makes you vulnerable to cold.
   It insulates you from electricity.
   It protects you from poison.
Jewellery
 p - a ring of stealth (left branch)
 I - a ring of stealth (right branch)
Wands
 g - a wand of flame (11)
 s - a wand of random effects (50)
 y - a wand of acid (12)
 C - a wand of polymorph (13)
 L - a wand of paralysis (10)
Scrolls
 e - 14 scrolls of teleportation {unknown}
 h - 7 scrolls of remove curse {unknown}
 i - 9 scrolls of identify {unknown}
 j - 3 scrolls of amnesia {unknown}
 n - 2 scrolls of fear {unknown}
 t - 4 scrolls of fog {unknown}
 v - 3 scrolls of enchant armour {unknown}
 z - a scroll of immolation {unknown}
 B - 4 scrolls of enchant weapon {unknown}
 D - a scroll of random uselessness {unknown}
 G - a scroll of noise {unknown}
Potions
 o - 2 potions of haste
 q - a potion of brilliance
 r - 3 potions of lignification
 F - a potion of ambrosia
 H - a potion of curing
Comestibles
 f - 15 rations


   Skills:
 - Level 9.0 Fighting
 * Level 11.2 Axes
 - Level 1.7 Throwing
 - Level 8.1 Armour
 - Level 2.4 Dodging
 + Level 3.8 Shields


You had 10 spell levels left.
You didn't know any spells.
Your spell library contained the following spells:

 Spells                   Type           Power        Failure   Level  Hunger
 Animate Skeleton         Necr           N/A          88%         1    ##.....
 Apportation              Tloc           #.....       88%         1    ##.....
 Confusing Touch          Hex            #.....       88%         1    ##.....
 Magic Dart               Conj           #...         88%         1    ##.....
 Sting                    Conj/Pois      #...         88%         1    ##.....
 Summon Small Mammal      Summ           #...         88%         1    ##.....
 Poisonous Vapours        Pois/Air       #.....       95%         2    ###....
 Searing Ray              Conj           #.....       95%         2    ###....
 Dazzling Spray           Conj/Hex       #.....       99%         3    ####...
 Mephitic Cloud           Conj/Pois/Air  #.......     99%         3    ####...
 Force Lance              Conj/Tloc      #.......     100%        4    #####..
 Fulminant Prism          Conj/Hex       #.........   100%        4    #####..
 Iskenderun's Mystic Bla  Conj           #.......     100%        4    #####..
 Olgreb's Toxic Radiance  Pois           #.......     100%        4    #####..
 Venom Bolt               Conj/Pois      #.........   100%        5    ######.


Dungeon Overview and Level Annotations

Branches:
Dungeon (9/15)             Temple (1/1) D:4
   Lair: D:8-11         Orc: D:9-12

Altars:
Ashenzari
Cheibriados
Dithmenos
Elyvilon
Fedhas
Gozag
Hepliaklqana
Kikubaaqudgha
Makhleb
Nemelex Xobeh
Okawaru
Qazlal
Ru
Sif Muna
Trog
Uskayaw
Vehumet
Wu Jian
Xom
Yredelemnul
Zin
The Shining One

Shops:
D:6 :


Innate Abilities, Weirdness & Mutations

You are resistant to torment.
((Your stone body is resilient. (AC +8)))
You are immune to poison.
You resist negative energy. (rN+)
((You are resistant to electric shocks. (rElec)))
((You can survive without breathing.))
You are immune to petrification.
You are immune to rotting.


Message History

Your magical defenses are stripped away!
You hit the phantasmal warrior.
The phantasmal warrior is lightly damaged.
You hit the skeletal warrior but do no damage.
The skeletal warrior hits you with a +0 broad axe!!
* * * LOW HITPOINT WARNING * * *
The phantasmal warrior hits you but does no damage.
You hit the phantasmal warrior but do no damage.
The phantasmal warrior is lightly damaged.
You hit the skeletal warrior. You freeze the skeletal warrior.
You hit the phantasmal warrior but do no damage.
The phantasmal warrior is lightly damaged.
You barely miss the skeletal warrior.
You block the phantasmal warrior's attack.
The skeletal warrior hits you but does no damage.
You hit the phantasmal warrior but do no damage.
The phantasmal warrior is lightly damaged.
You hit the skeletal warrior but do no damage.
The phantasmal warrior hits you!
You die...

#.........# #.........
#.###|....# #.##......
#.# #.....# #.##......
#.# ###########.##.#...#
#.# #.........#####
#.########......##.#####
#.#.............##......
#.#.######........<#...#
#.....W♣z........#####..
#.#.###########....#...#
#.#.# #.#[[#.### #.#.#
#.#....... #.#.######
#.#.###### #.#......#
#.#.# #.######.#
#..W##### #.# #.#
#.......# #.# #.#
#.#####.#


You could see a skeletal warrior and a phantasmal warrior.

Vanquished Creatures
  2 two-headed ogres
  Pikel (D:6)
  Psyche (D:9)
  Joseph (D:7)
  Eustachio (D:4)
  2 wyverns
  A wraith (D:8)
  A steam dragon (D:8)
  2 orc warriors (D:8)
  3 slaves (D:6)
  An ice beast (D:5)
  5 sky beasts
  A black bear (D:7)
  2 necrophages
  5 ogres
  2 centaurs
  3 bullfrogs
  3 scorpions
  5 killer bees (D:9)
  3 wights
  5 howler monkeys
  2 crimson imps
  A centaur zombie (D:5)
  A jelly (D:7)
  Crazy Yiuf (D:6)
  A bullfrog skeleton (D:5)
  4 orc priests
  A centaur skeleton (D:4)
  6 hounds
  8 orc wizards
  Jessica (D:2)
  Terence (D:2)
  Natasha (thrice) (D:2)
  2 iguanas
  5 worker ants
  2 hound skeletons
  A worker ant zombie (D:6)
  12 adders
  2 shadow imps
  An ooze (D:3)
  4 adder skeletons
  2 worms
  2 dart slugs
  5 leopard geckos
  22 orcs
  6 bats
  12 giant cockroaches
  6 goblins
  3 hobgoblins
  10 jackals
  6 kobolds
  6 quokkas
  2 ball pythons
  5 frilled lizards
  A giant cockroach zombie (D:5)
  8 rats
205 creatures vanquished.

Notes
Turn   | Place    | Note
-------+----------+-------------------------------------------
     0 | D:1      | ReteAZ the Gargoyle Gladiator began the quest for the Orb.
     0 | D:1      | Reached XP level 1. HP: 12/12 MP: 1/1
   116 | D:1      | Reached XP level 2. HP: 18/18 MP: 2/2
   116 | D:1      | Reached skill level 3 in Axes
   718 | D:2      | Found an opulent altar of Gozag.
   741 | D:2      | Noticed Natasha
   751 | D:2      | Killed Natasha
   751 | D:2      | Reached skill level 1 in Armour
   751 | D:2      | Reached XP level 3. HP: 19/22 MP: 3/3
   794 | D:2      | Noticed Jessica
   824 | D:2      | Killed Jessica
   824 | D:2      | Reached XP level 4. HP: 28/28 MP: 4/4
   938 | D:2      | Noticed Natasha
   946 | D:2      | Killed Natasha
   946 | D:2      | Reached skill level 4 in Axes
   946 | D:2      | Reached XP level 5. HP: 18/32 MP: 5/5
  1007 | D:2      | Noticed Natasha
  1014 | D:2      | Killed Natasha
  1083 | D:2      | Noticed Terence
  1132 | D:2      | Killed Terence
  1279 | D:2      | Reached XP level 6. HP: 28/38 MP: 6/6
  1439 | D:3      | Found a faded altar of an unknown god.
  1703 | D:3      | Reached skill level 5 in Axes
  1810 | D:3      | Found an ornate altar of the Wu Jian Council.
  2453 | D:4      | Reached XP level 7. HP: 43/43 MP: 7/7
  2697 | D:4      | Found a burning altar of Makhleb.
  2739 | D:4      | Found a staircase to the Ecumenical Temple.
  2739 | D:4      | Noticed Eustachio
  2852 | D:4      | Killed Eustachio
  2858 | Temple   | Entered the Ecumenical Temple
  2936 | Temple   | Became a worshipper of the Shining One
  3007 | D:4      | Reached skill level 6 in Axes
  3029 | D:4      | Found a basalt altar of Yredelemnul.
  3188 | D:5      | Entered Level 5 of the Dungeon
  3196 | D:5      | Reached skill level 5 in Fighting
  3263 | D:5      | Reached XP level 8. HP: 31/49 MP: 8/8
  3537 | D:5      | Found a sparkling altar of Nemelex Xobeh.
  3580 | D:5      | Found a shattered altar of Ashenzari.
  3734 | D:5      | Reached * piety under the Shining One
  3734 | D:5      | Reached skill level 5 in Armour
  3863 | D:5      | Reached skill level 7 in Axes
  4289 | D:6      | Found an iron altar of Okawaru.
  4324 | D:6      | Found Duerig's Book Emporium.
  4418 | D:6      | Found a shattered altar of Ashenzari.
  4475 | D:6      | Reached XP level 9. HP: 52/56 MP: 9/9
  4476 | D:6      | Found a sacrificial altar of Ru.
  4521 | D:6      | Found a runed translucent door.
  4522 | D:6      | Noticed Crazy Yiuf
  4579 | D:6      | Noticed Pikel
  4610 | D:6      | Killed Pikel
  4610 | D:6      | Reached skill level 8 in Axes
  4647 | D:6      | Found a sparkling altar of Nemelex Xobeh.
  4743 | D:6      | Found a hide-covered altar of Uskayaw.
  5006 | D:6      | Killed Crazy Yiuf
  5071 | D:7      | Noticed Joseph
  5097 | D:7      | Killed Joseph
  5136 | D:7      | Reached skill level 9 in Axes
  5223 | D:7      | Found a snail-covered altar of Cheibriados.
  5609 | D:7      | Found a bloodstained altar of Trog.
  5709 | D:7      | Reached XP level 10. HP: 64/64 MP: 10/10
  6018 | D:8      | Reached ** piety under the Shining One
  6090 | D:8      | Noticed a skeletal warrior
  6136 | D:8      | Noticed a two-headed ogre
  6153 | D:8      | Killed a two-headed ogre
  6153 | D:8      | Reached skill level 10 in Axes
  6557 | D:8      | Noticed a phantasmal warrior
  6934 | D:9      | Got a slimy shield
  6940 | D:9      | Identified the +0 shield of the Princess {rElec rPois rF+
                  | rC-} (You found it on level 9 of the Dungeon)
  6998 | D:9      | Reached skill level 1 in Shields
  7003 | D:9      | Noticed Psyche
  7026 | D:9      | Killed Psyche
  7036 | D:9      | Found a radiant altar of Vehumet.
  7530 | D:9      | Noticed a two-headed ogre
  7565 | D:9      | Killed a two-headed ogre
  7565 | D:9      | Reached skill level 11 in Axes
  7565 | D:9      | Reached XP level 11. HP: 10/71 MP: 11/11
  8210 | D:9      | Noticed a cyclops
  8537 | D:8      | Noticed a phantasmal warrior
  8621 | D:8      | Mangled by a phantasmal warrior

Levels and vault maps discovered:
D:1:      minmay_arrival_semitransparent, layout_basic
D:2:      layout_basic, nicolae_gozag_cash_rules_everything_around_me,
          hangedman_abyss_or_decor_stabs, uniq_terence, uniq_jessica,
          uniq_natasha
D:3:      layout_basic, lemuel_crystal_altar, first_ration,
          chequers_ecumenical_altar_island
D:4:      layout_cave_pools, lightli_temple_of_fire,
          nicolae_overflow_hidden_temple, minmay_temple_entry_sparse_star,
          uniq_eustachio
D:5:      minmay_skewed_foursquare, layout_loops_ring, ashenzari_altar_1,
          nicolae_ossuary_entry_monument, nemelex_lonely_heart_becter
D:6:      layout_loops_ring, kennysheep_mini, overflow_temple_1_default,
          old_standard_altar, marbit_many_paths, serial_shops, shop,
          basic_altar, minmay_misc_feat_square, uniq_crazy_yiuf_cottage,
          uniq_pikel
D:7:      layout_gridville, old_standard_altar, cheibrodos_worm_habitat,
          grunt_ogre_cave, uniq_joseph
D:8:      layout_loops_ring
D:9:      layout_roguey, kennysheep_mini_moat, gammafunk_ghost_cemetery,
          minmay_tree_intersection, uniq_psyche
Temple:   compressed_dpeg_circular_temple

Skill      XL: |  1  2  3  4  5  6  7  8  9 10 |
---------------+-------------------------------+-----
Axes           | 3 4 5 6 7 9 11 | 11.2
Armour         | 1 2 3 4 5 7 8 |  8.1
Fighting       | 3 4 5 6 7 9 |  9.0
Shields        | 3 |  3.8
Throwing       | |  1.7
Dodging        | |  2.4

Action                   |  1- 3 |  4- 6 |  7- 9 | 10-12 || total
-------------------------+-------+-------+-------+-------++-------
Melee: War axe           |    54 |   286 |   175 |       ||   515
       Hand axe          |       |       |   197 |   287 ||   484
Throw: Throwing net      |       |     3 |     4 |     5 ||    12
       Boomerang         |       |       |       |    11 ||    11
       Dart              |       |       |       |     6 ||     6
Invok: Divine Shield     |       |       |       |     3 ||     3
  Use: Potion            |     2 |     1 |     6 |     8 ||    17
 Stab: Held in net/web   |       |     1 |       |       ||     1
  Eat: Chunk             |       |     5 |    12 |     5 ||    22
       Ration            |       |       |       |     1 ||     1
Armor: Leather armour    |    10 |       |       |       ||    10
       Chain mail        |    23 |   216 |   375 |    85 ||   699
       Skin              |     1 |     3 |       |     3 ||     7
       Plate armour      |       |       |       |    19 ||    19
Dodge: Dodged            |    26 |   155 |   228 |    58 ||   467
Block: Shield            |       |       |       |    72 ||    72
       Other             |       |       |       |     3 ||     3
